 Dungeon Crawl Stone Soup version 0.29-a0-284-gf9362112df (webtiles) character file.

Game seed: 602461430135422950

45 brightf1ame the Chiller (level 3, 0/24 HPs)
             Began as a Human Ice Elementalist on Mar 22, 2022.
             Was an Initiate of Ashenzari.
             Succumbed to an adder's poison
             ... on level 2 of the Dungeon.
             The game lasted 00:31:23 (970 turns).

brightf1ame the Chiller (Human Ice Elementalist)     Turns: 970, Time: 00:31:24

Health: 0/24       AC:  3    Str:  8    XL:     3   Next: 90%
Magic:  6/6        EV: 12    Int: 17    God:    Ashenzari [......]
Gold:   1035       SH:  0    Dex: 13    Spells: 0/6 levels left

rFire   . . .      SeeInvis .   b - +0 mace
rCold   . . .      Faith    .   (no shield)
rNeg    . . .      Spirit   .   a - +1 robe
rPois   .          Reflect  .   (no helmet)
rElec   .          Harm     .   (no cloak)
rCorr   +          Rampage  .   (no gloves)
Will    .....                   (no boots)
Stlth   ++........              (no amulet)
HPRegen 0.08/turn               h - ring of resist corrosion
MPRegen 0.10/turn               (no ring)

@: lethally poisoned (0 -> -2), flying
A: no striking features
a: Renounce Religion, Curse Item


You were on level 2 of the Dungeon.
You worshipped Ashenzari.
Ashenzari was noncommittal.
You visited 1 branch of the dungeon, and saw 2 of its levels.

You collected 1035 gold pieces.

Inventory:

Hand Weapons
 b - a +0 mace (weapon)
 e - a +0 club
 f - a +1 dagger
Armour
 a - a +1 robe (worn)
Magical Staves
 g - a staff of poison
Jewellery
 h - a ring of resist corrosion (left hand)
Scrolls
 c - a scroll of identify
 i - a scroll of amnesia {unknown}
Potions
 j - a potion of attraction {unknown}


   Skills:
 + Level 0.1 Fighting
 + Level 0.2 Short Blades
 + Level 2.1 Dodging
 + Level 2.3 Stealth
 + Level 2.3 Spellcasting
 + Level 4.7 Ice Magic


You couldn't memorise any spells.
You knew the following spells:

 Your Spells              Type           Power      Damage    Failure   Level
a - Freeze                Ice            72%        1d9       2%          1
b - Searing Ray           Conj           2%         2d4       28%         2
c - Frozen Ramparts       Ice            36%        1d5       8%          3

Your spell library contained the following spells:

 Spells                   Type           Power      Damage    Failure   Level
 Ozocubu's Armour         Ice            18%        N/A       8%          3
 Magic Dart               Conj           4%         1d3       19%         1
 Hailstorm                Conj/Ice       10%        3d5       56%         4
 Cause Fear               Hex            0%         N/A       88%         4
 Fulminant Prism          Conj/Hex       0%         3d6       88%         4
 Dragon Form              Tmut           0%         N/A       100%        7
 Dragon's Call            Summ           0%         N/A       100%        9


Dungeon Overview and Level Annotations

Branches:
Dungeon (2/15)

Altars:
Ashenzari
Xom

Annotations:
D:2 1 runed translucent door, Crazy Yiuf


Message History

You kill the rat!
Found a book of the Dragon.
A bat comes into view.
The bat misses you.
You barely miss the bat. The bat completely misses you.
The bat closely misses you.
You hit the bat.
The bat is moderately wounded.
The bat closely misses you. x2
You sock the bat!
You kill the bat!
Found a shimmering altar of Xom.
Ashenzari invites you to partake of a vision and a curse of cunning and introspection.
You pick up a book of the Dragon and begin reading...
You add the spells Cause Fear, Dragon Form and Dragon's Call to your library.
A giant cockroach comes into view.
An adder comes into view.
The helpless adder fails to defend itself.
You hit the adder but do no damage. The adder barely misses you. x2
You barely miss the adder.
The adder bites you but does no damage. x2
You barely miss the adder. The adder bites you. The adder misses you.
You hit the adder.
The adder is lightly wounded.
The adder barely misses you. The adder misses you.
The giant cockroach bites you.
* * * LOW HITPOINT WARNING * * *
The adder attacks as you move away! The adder bites you.
* * * LOW HITPOINT WARNING * * *
You are lethally poisoned!
The adder poisons you!
* * * LOW HITPOINT WARNING * * *
You feel sick.
* * * LOW HITPOINT WARNING * * *
You feel sick.
* * * LOW HITPOINT WARNING * * *
You feel sick. The adder bites you but does no damage.
It was a potion of flight.
You feel very buoyant.
You fly up into the air.
You die...

#......#######
#......# #......#
#......# ######
######.#####....#
#.......# #
#######.##.#
###########....#
.≈.≈...≈.#@.####
≈.......BS.##
≈≈≈≈≈≈≈≈≈≈≈≈≈#
≈≈≈≈≈≈≈≈≈≈≈≈≈≈#
..≈≈.≈.≈≈≈.##≈#
.......≈..#.#≈≈#
.....≈≈≈.##.# ##
########## .# ..


You could see an adder and a giant cockroach.

Vanquished Creatures
  A worm (D:2)
  2 dart slugs
  An endoplasm (D:1)
  2 giant cockroaches (D:1)
  6 goblins
  4 hobgoblins (D:1)
  2 quokkas
  2 ball pythons (D:2)
  7 bats
  A frilled lizard (D:1)
  2 kobolds
  5 rats
35 creatures vanquished.

Notes
Turn   | Place    | Note
-------+----------+-------------------------------------------
     0 | D:1      | brightf1ame the Human Ice Elementalist began the quest for
                  | the Orb.
     0 | D:1      | Reached XP level 1. HP: 13/13 MP: 3/3
   103 | D:1      | Reached XP level 2. HP: 7/19 MP: 1/5
   109 | D:1      | Found a faded altar of an unknown god.
   118 | D:1      | Prayed at the altar of an unknown god.
   118 | D:1      | Became a worshipper of Ashenzari the Shackled
   448 | D:1      | Learned a level 2 spell: Searing Ray
   496 | D:1      | Reached XP level 3. HP: 11/24 MP: 3/6
   524 | D:1      | Learned a level 3 spell: Frozen Ramparts
   676 | D:2      | Identified a scroll of acquirement
   676 | D:2      | Acquired 999 gold pieces
   839 | D:2      | Found a runed translucent door.
   840 | D:2      | Noticed Crazy Yiuf
   933 | D:2      | Found a shimmering altar of Xom.
   969 | D:2      | HP: 1/24 [poisoned by an adder]
   970 | D:2      | Succumbed to an adder's poison

Illustrated notes

Levels and vault maps discovered:
D:1:      dpeg_arrival_houses_and_road, layout_rooms,
          dilly_ecumenical_altar_fadedgnrine
D:2:      layout_basic, basic_altar, chequers_serial_rivers_small_3,
          uniq_crazy_yiuf_cottage

Action                   || total
-------------------------++-------
Melee: Unarmed           ||    17
       Dagger            ||    56
       Club              ||     6
       Mace              ||    15
       Punch             ||     1
 Cast: Freeze            ||    20
       Searing Ray       ||     3
       Frozen Ramparts   ||     1
  Use: Scroll            ||     5
       Potion            ||     4
 Stab: Sleeping          ||     2
Armor: Robe              ||    39
Dodge: Dodged            ||    96

Table legend: (Time is in decaauts)
 A = Elapsed time spent in this place.
 B = Non-inter-level travel time spent in this place.
 C = Inter-level travel time spent in this place.
 D = Time resting spent in this place.
 E = Time spent auto-exploring this place.
 F = Levels seen in this place.
 G = Mean time per level.
                   A        B        C        D        E       F      G
               +--------+--------+--------+--------+--------+-----+--------+
         Total |    975 |    571 |    404 |      0 |      0 |   2 |  487.5 |
       Dungeon |    975 |    571 |    404 |      0 |      0 |   2 |  487.5 |
               +--------+--------+--------+--------+--------+-----+--------+

Top non-repeatable levels by time:
     D:1: 559 daAuts
     D:2: 416 daAuts
